 Dungeon Crawl Stone Soup version 0.29-a0-620-g13ace881f2 (webtiles) character file.

Game seed: 3078664921704200835

161 avis the Chiller (level 4, -1/36 HPs)
             Began as a Demigod Ice Elementalist on June 18, 2022.
             Slain by a gnoll
             ... wielding a +0 spear
              (6 damage)
             ... on level 4 of the Dungeon.
             The game lasted 00:16:35 (4283 turns).

avis the Chiller (Demigod Ice Elementalist)         Turns: 4283, Time: 00:16:37

Health: -1/36      AC:  9    Str:  9    XL:     4   Next: 98%
Magic:  12/12      EV: 12    Int: 17    God:
Gold:   308        SH:  0    Dex: 18    Spells: 6/10 levels left

rFire   . . .      SeeInvis .   b - +0 hunting sling
rCold   . . .      Faith    .   (no shield)
rNeg    . . .      Spirit   .   j - +0 robe
rPois   .          Reflect  .   (no helmet)
rElec   .          Harm     .   k - +0 cloak
rCorr   .          Rampage  .   (no gloves)
Will    .....                   (no boots)
Stlth   ++........              (no amulet)
HPRegen 0.12/turn               (no ring)
MPRegen 0.13/turn               (no ring)

@: ice-armoured
A: high MP 1, forlorn, divine attributes
a: no special abilities


You were on level 4 of the Dungeon.
You visited 1 branch of the dungeon, and saw 4 of its levels.

You collected 308 gold pieces.

Inventory:

Hand Weapons
 a - a +3 short sword
 b - a +0 hunting sling (weapon)
 w - a +2 dagger of holy wrath
 x - a +1 flail of holy wrath
Missiles
 i - 5 boomerangs
 A - 2 throwing nets
Armour
 j - a +0 robe (worn)
 k - a +0 cloak (worn)
Magical Staves
 z - a staff of death
Scrolls
 d - a scroll of brand weapon {unknown}
 e - a scroll of enchant armour {unknown}
 h - 2 scrolls of teleportation {unknown}
 l - 7 scrolls of identify {unknown}
 m - 3 scrolls of enchant weapon {unknown}
 q - a scroll of fear {unknown}
 r - a scroll of immolation {unknown}
 v - a scroll of blinking {unknown}
Potions
 c - 3 potions of heal wounds {unknown}
 f - 6 potions of curing {unknown}
 g - 2 potions of haste {unknown}
 n - 3 potions of attraction {unknown}
 o - a potion of mutation {unknown}
 p - a potion of invisibility {unknown}
 s - a potion of brilliance {unknown}
 t - 2 potions of berserk rage {unknown}
 u - a potion of might {unknown}
 y - 2 potions of magic


   Skills:
 - Level 2.0 Fighting
 - Level 2.0 Dodging
 - Level 2.0 Stealth
 * Level 3.6 Spellcasting
 - Level 4.0 Ice Magic


You had 6 spell levels left.
You knew the following spells:

 Your Spells              Type           Power      Damage    Failure   Level
a - Freeze                Ice            64%        1d8       3%          1
o - Ozocubu's Armour      Ice            16%        N/A       10%         3

Your spell library contained the following spells:

 Spells                   Type           Power      Damage    Failure   Level
 Frozen Ramparts          Ice            32%        1d5       10%         3
 Slow                     Hex            12%        N/A       17%         1
 Confusing Touch          Hex            3%         N/A       45%         3
 Vampiric Draining        Necr           3%         2d6       45%         3
 Hailstorm                Conj/Ice       9%         3d4       58%         4
 Ozocubu's Refrigeration  Ice            8%         4d6       100%        7


Dungeon Overview and Level Annotations

Branches:
Dungeon (4/15)
 Temple: D:4-7

Annotations:
D:2 1 runed translucent door, exclusion: door


Innate Abilities, Weirdness & Mutations

You have an increased reservoir of magic. (+10% MP)
You shall have no god before yourself.
Your divine heritage dramatically boosts your attributes as you level up.


Message History

* * * LOW HITPOINT WARNING * * *
The gnoll closely misses you.
Fire: b) +0 hunting sling
Press: ? - help, Q - select action, (/) - cycle Shift-Dir - straight line, f/p - gnoll
Aim: a gnoll, wielding a +0 spear (moderately wounded, 63% to hit)
You shoot a sling bullet. The sling bullet hits the gnoll.
You kill the gnoll!
The gnoll hits you but does no damage.
Fire: b) +0 hunting sling
Press: ? - help, Q - select action, (/) - cycle Shift-Dir - straight line, f/p - gnoll
Aim: a gnoll, wielding a +0 spear (moderately wounded, 63% to hit)
You shoot a sling bullet.
The sling bullet closely misses the gnoll.
The gnoll barely misses you. The gnoll closely misses you.
Fire: b) +0 hunting sling
Press: ? - help, Q - select action, (/) - cycle Shift-Dir - straight line, f/p - gnoll
Aim: a gnoll, wielding a +0 spear (moderately wounded, 63% to hit)
You shoot a sling bullet.
The sling bullet closely misses the gnoll.
The gnoll closely misses you.
Fire: b) +0 hunting sling
Press: ? - help, Q - select action, (/) - cycle Shift-Dir - straight line, f/p - gnoll
Aim: a gnoll, wielding a +0 spear (moderately wounded, 63% to hit)
You shoot a sling bullet.
The sling bullet barely misses the gnoll.
The gnoll hits you but does no damage. The gnoll barely misses you.
Fire: b) +0 hunting sling
Press: ? - help, Q - select action, (/) - cycle Shift-Dir - straight line, f/p - gnoll
Aim: a gnoll, wielding a +0 spear (moderately wounded, 63% to hit)
You shoot a sling bullet.
The sling bullet hits the gnoll but does no damage.
The gnoll is moderately wounded.
The gnoll closely misses you.
Fire: b) +0 hunting sling
Press: ? - help, Q - select action, (/) - cycle Shift-Dir - straight line, f/p - gnoll
Aim: a gnoll, wielding a +0 spear (moderately wounded, 63% to hit)
You shoot a sling bullet.
The sling bullet barely misses the gnoll.
The gnoll hits you from afar with a +0 spear.
You die...

# #. #.# #.# #
#.# #.# #.# #.#
#.###≈# #...#≈#
#.#.≈≈# #.#≈≈.#
####...≈.#######
#.@)...≈.......#
#)####≈≈..####
#g ##≈≈..# #.
##≈≈..## #.
#≈≈≈..# #.
##≈#..# #.
###..# #. #..#
##.#


You could see a gnoll.

Vanquished Creatures
  A hound (D:4)
  3 gnolls (D:4)
  4 adders
  4 worms (D:3)
  2 dart slugs (D:3)
  4 endoplasms
  2 giant cockroaches
  8 jackals
  4 kobolds
  2 quokkas
  5 ball pythons
  4 bats
  A frilled lizard (D:3)
  7 goblins
  3 rats
54 creatures vanquished.

Vanquished Creatures (others)
  2 fungi (D:2)
2 creatures vanquished.

Grand Total: 56 creatures vanquished

Notes
Turn   | Place    | Note
-------+----------+-------------------------------------------
     0 | D:1      | avis the Demigod Ice Elementalist began the quest for the
                  | Orb.
     0 | D:1      | Reached XP level 1. HP: 14/14 MP: 5/5
  1167 | D:2      | Reached skill level 4 in Ice Magic
  1342 | D:2      | Reached XP level 2. HP: 13/20 MP: 4/7
  2255 | D:2      | Reached skill level 1 in Fighting
  2393 | D:2      | Reached XP level 3. HP: 21/28 MP: 5/8
  2510 | D:2      | Learned a level 3 spell: Ozocubu's Armour
  2615 | D:2      | Found a runed translucent door.
  3815 | D:3      | Reached XP level 4. HP: 33/36 MP: 6/10
  4283 | D:4      | Slain by a gnoll

Illustrated notes

Levels and vault maps discovered:
D:1:      nzn_arrival_settlement, layout_basic
D:2:      minmay_wonky_spiral, layout_loops_corners, uniq_crazy_yiuf_cottage
D:3:      layout_basic
D:4:      layout_basic, lemuel_temple_firewalk_b, serial_rivers,
          chequers_serial_rivers_small_a, chequers_serial_rivers_marsh,
          chequers_serial_rivers_micro_c, chequers_serial_rivers_micro_b,
          chequers_serial_rivers_small_b, chequers_serial_rivers_small_b

Skill      XL: |  1  2  3  4 |
---------------+-------------+-----
Ice Magic      | 4 |  4.0
Spellcasting   | 2 3 |  3.6
Stealth        | 2 |  2.0
Dodging        | 2 |  2.0
Fighting       | 1 2 |  2.0

Action                   |  1- 3 |  4- 6 || total
-------------------------+-------+-------++-------
Melee: Dagger            |    13 |       ||    13
       Short sword       |    24 |     6 ||    30
 Fire: Hunting sling     |       |    23 ||    23
 Cast: Freeze            |    52 |    10 ||    62
       Ozocubu's Armour  |       |     1 ||     1
 Stab: Sleeping          |    10 |     2 ||    12
Armor: Robe              |    11 |     8 ||    19
Dodge: Dodged            |    27 |    37 ||    64

Table legend: (Time is in decaauts)
 A = Elapsed time spent in this place.
 B = Non-inter-level travel time spent in this place.
 C = Inter-level travel time spent in this place.
 D = Time resting spent in this place.
 E = Time spent auto-exploring this place.
 F = Levels seen in this place.
 G = Mean time per level.
                   A        B        C        D        E       F      G
               +--------+--------+--------+--------+--------+-----+--------+
         Total |   4300 |   3955 |    345 |    995 |   2303 |   4 | 1075.0 |
       Dungeon |   4300 |   3955 |    345 |    995 |   2303 |   4 | 1075.0 |
               +--------+--------+--------+--------+--------+-----+--------+

Top non-repeatable levels by time:
     D:2: 1601 daAuts
     D:3: 1321 daAuts
     D:1: 1182 daAuts
     D:4: 195 daAuts
